 Dungeon Crawl Stone Soup version 0.29-a0-541-gaf1fc19f1b (webtiles) character file.

Game seed: 4073466990707669258

249 bande the Poker (level 6, 0/50 HPs)
             Began as a Gnoll Wanderer on June 3, 2022.
             Succumbed to Crazy Yiuf's poison
             ... on level 3 of the Dungeon.
             The game lasted 00:07:14 (3545 turns).

bande the Poker (Gnoll Wanderer)                    Turns: 3545, Time: 00:07:14

Health: 0/50       AC:  5    Str: 11    XL:     6   Next: 12%
Magic:  9/11       EV: 12    Int: 12    God:
Gold:   160        SH:  5    Dex: 13    Spells: 10/11 levels left

rFire   + . .      SeeInvis .   a - +2 spear
rCold   . . .      Faith    .   (no shield)
rNeg    . . .      Spirit   .   m - +0 leather armour {rF+}
rPois   .          Reflect  +   (helmet restricted)
rElec   .          Harm     .   (no cloak)
rCorr   .          Rampage  .   b - +0 pair of gloves
Will    .....                   d - +0 pair of boots
Stlth   ++........              k - amulet of reflection
HPRegen 0.16/turn               l - +4 ring of slaying
MPRegen 0.12/turn               (no ring)

@: brilliant, lethally poisoned (0 -> -3), flying
A: fangs 1, strong nose, distributed training, antennae 1, wild magic 1, noise
suppression
a: no special abilities


You were on level 3 of the Dungeon.
You visited 1 branch of the dungeon, and saw 3 of its levels.

You collected 160 gold pieces.

Inventory:

Hand Weapons
 a - a +2 spear (weapon)
 i - a +0 war axe
 o - a +0 flail
Armour
 b - a +0 pair of gloves (worn)
 d - a +0 pair of boots (worn)
 f - a +1 helmet
 m - a +0 leather armour of fire resistance (worn)
 t - a +0 cloak
Jewellery
 g - the ring of the Scarab {Drain rC+ rN++ rCorr Int+6}
   (You found it on level 2 of the Dungeon)

   [ring of intelligence]

   Int:       It affects your intelligence (+6).
   rC:        It protects you from cold.
   rN:        It greatly protects you from negative energy.
   rCorr:     It protects you from acid and corrosion.
   Drain:     It drains your maximum health when unequipped.
 k - an amulet of reflection (around neck)
 l - a +4 ring of slaying (left hand)
Wands
 n - a wand of digging (4)
Scrolls
 c - 3 scrolls of teleportation
 q - 2 scrolls of magic mapping
Potions
 e - a potion of magic {unknown}
 h - a potion of flight
 j - 2 potions of cancellation
 s - a potion of attraction {unknown}


   Skills:
 + Level 4.9 Fighting
 + Level 1.8 Short Blades
 + Level 1.8 Long Blades
 + Level 1.8 Axes
 + Level 1.8 Maces & Flails
 + Level 6.8 Polearms
 + Level 1.8 Staves
 + Level 1.8 Slings
 + Level 1.8 Bows
 + Level 1.8 Crossbows
 + Level 1.8 Throwing
 + Level 1.8 Armour
 + Level 3.1 Dodging
 + Level 1.8 Stealth
 + Level 1.8 Shields
 + Level 1.8 Unarmed Combat
 + Level 3.3 Spellcasting
 + Level 1.4 Conjurations
 + Level 1.4 Hexes
 + Level 4.0 Summonings
 + Level 1.4 Necromancy
 + Level 1.4 Translocations
 + Level 1.4 Transmutations
 + Level 1.4 Fire Magic
 + Level 1.4 Ice Magic
 + Level 1.4 Air Magic
 + Level 1.4 Earth Magic
 + Level 1.4 Poison Magic
 + Level 2.0 Invocations
 + Level 3.1 Evocations


You had 10 spell levels left.
You knew the following spells:

 Your Spells              Type           Power      Damage    Failure   Level
a - Summon Small Mammal   Summ           92%        N/A       10%         1

Your spell library contained the following spells:

 Spells                   Type           Power      Damage    Failure   Level
 Call Canine Familiar     Summ           23%        N/A       24%         3
 Ensorcelled Hibernation  Hex/Ice        20%        N/A       34%         2
 Passwall                 Tmut/Erth      8%         N/A       34%         2
 Scorch                   Fire           20%        2d6       34%         2
 Static Discharge         Conj/Air       10%        N/A       34%         2
 Conjure Flame            Conj/Fire      10%        6-21      54%         3
 Ignite Poison            Fire/Tmut/Pois 10%        N/A       54%         3
 Inner Flame              Hex/Fire       10%        N/A       54%         3
 Swiftness                Air            10%        N/A       54%         3
 Cause Fear               Hex            5%         N/A       90%         4
 Flame Wave               Conj/Fire      10%        2d5       90%         4
 Sticky Flame             Conj/Fire      10%        2d3       90%         4
 Lightning Bolt           Conj/Air       5%         1d17      99%         5
 Summon Cactus Giant      Summ           11%        N/A       100%        6
 Discord                  Hex            5%         N/A       100%        8
 Maxwell's Capacitive Co  Air            5%         ∞         100%        8


Dungeon Overview and Level Annotations

Branches:
Dungeon (3/15)

Altars:


Innate Abilities, Weirdness & Mutations

You have very sharp teeth.
Your uncanny sense of smell can sniff out nearby items.
Your experience applies equally to all skills.
You have a pair of small antennae on your head.
Your spells are a little harder to cast, but a little more powerful.
You passively dampen the noise of your surroundings.


Message History

You closely miss Crazy Yiuf.
Crazy Yiuf is heavily wounded.
* * * LOW HITPOINT WARNING * * *
You feel very sick.
You hit Crazy Yiuf.
Crazy Yiuf is almost dead.
* * * LOW HITPOINT WARNING * * *
You feel sick.
Crazy Yiuf says, "Proton!"
Crazy Yiuf barely misses you.
You hit Crazy Yiuf.
You kill Crazy Yiuf!
* * * LOW HITPOINT WARNING * * *
You feel sick.
Your Invocations skill increases to level 2!
You have reached level 6!
* * * LOW HITPOINT WARNING * * *
You feel very sick.
There is an open translucent door, spattered with blood here.
Things that are here:
a +4 quarterstaff of chaos; a +0 cloak; the gnoll corpse of Crazy Yiuf
t - a +0 cloak
* * * LOW HITPOINT WARNING * * *
You feel sick.
There is a lethal amount of poison in your body!
There is a lethal amount of poison in your body!
It was a potion of flight.
You feel very buoyant.
You fly up into the air.
* * * LOW HITPOINT WARNING * * *
You feel sick.
It was a potion of mutation.
You feel extremely strange.
You feel less in control of your magic. A pair of antennae grows on your head!
Your +1 helmet falls away!
You feel your surroundings grow quieter.
* * * LOW HITPOINT WARNING * * *
You feel sick.
It was a potion of brilliance.
You feel clever all of a sudden.
You die...

#.# ##.## #..... #.# #.#
#..... #.# #.# #..#.# ##.# ###
#..... #..# ##..... #..##♣♣♣♣♣
#....#. #...+..♣.♣♣♣ #### ###
#..#... #.......♣..♣#...#
#.###....[# #......♣♣♣♣.@...#
#.'........ ##..+.♣♣ ♣♣#..)#
#.###...#.. ####♣♣ #### ###
#...... #....#. #.....# ###
### #......
####.###########.### #..#...
#........#.........# #.####.
#.##.###.#.#####.#.#####.####.


There were no monsters in sight!

Vanquished Creatures
  Crazy Yiuf (D:3)
  2 orc priests
  An orc wizard (D:2)
  6 adders
  2 worms (D:3)
  A dart slug (D:3)
  3 orcs
  8 ball pythons
  5 endoplasms
  2 giant cockroaches
  7 goblins
  5 hobgoblins
  8 kobolds
  5 quokkas
  8 bats
  4 frilled lizards
  8 rats
76 creatures vanquished.

Notes
Turn   | Place    | Note
-------+----------+-------------------------------------------
     0 | D:1      | bande the Gnoll Wanderer began the quest for the Orb.
     0 | D:1      | bande set off with the following items: a +2 spear, a +0
                  | pair of gloves, a scroll of teleportation, a +0 robe; and
                  | the following spell memorised: Summon Small Mammal; and the
                  | following spells available to memorise: Call Canine
                  | Familiar
     0 | D:1      | Reached XP level 1. HP: 20/20 MP: 4/4
    91 | D:1      | Reached XP level 2. HP: 26/26 MP: 5/5
   350 | D:1      | Found a faded altar of an unknown god.
   624 | D:2      | HP: 1/26 [adder (3)]
   626 | D:2      | Reached XP level 3. HP: 1/31 MP: 7/7
   749 | D:2      | Reached skill level 1 in Invocations
   758 | D:2      | Identified the ring of the Scarab {Drain rC+ rN++ rCorr
                  | Int+6}
   838 | D:2      | Reached skill level 1 in Short Blades
   838 | D:2      | Reached skill level 1 in Long Blades
   838 | D:2      | Reached skill level 1 in Axes
   838 | D:2      | Reached skill level 1 in Maces & Flails
   838 | D:2      | Reached skill level 1 in Staves
   838 | D:2      | Reached skill level 1 in Slings
   838 | D:2      | Reached skill level 1 in Bows
   838 | D:2      | Reached skill level 1 in Crossbows
   838 | D:2      | Reached skill level 1 in Throwing
   838 | D:2      | Reached skill level 1 in Armour
   838 | D:2      | Reached skill level 1 in Stealth
   838 | D:2      | Reached skill level 1 in Shields
   838 | D:2      | Reached skill level 1 in Unarmed Combat
  1060 | D:2      | Reached XP level 4. HP: 38/38 MP: 8/8
  1948 | D:2      | Reached skill level 1 in Conjurations
  1948 | D:2      | Reached skill level 1 in Hexes
  1948 | D:2      | Reached skill level 1 in Necromancy
  1948 | D:2      | Reached skill level 1 in Translocations
  1948 | D:2      | Reached skill level 1 in Transmutations
  1948 | D:2      | Reached skill level 1 in Fire Magic
  1948 | D:2      | Reached skill level 1 in Ice Magic
  1948 | D:2      | Reached skill level 1 in Air Magic
  1948 | D:2      | Reached skill level 1 in Earth Magic
  1948 | D:2      | Reached skill level 1 in Poison Magic
  1962 | D:2      | Reached XP level 5. HP: 6/43 MP: 9/9
  3044 | D:3      | Found a runed translucent door.
  3045 | D:3      | Noticed Crazy Yiuf
  3540 | D:3      | Killed Crazy Yiuf
  3541 | D:3      | Reached XP level 6. HP: 8/50 MP: 9/11
  3544 | D:3      | Gained mutation: Your spells are a little harder to cast,
                  | but a little more powerful. [potion of mutation]
  3544 | D:3      | Gained mutation: You have a pair of small antennae on your
                  | head. [potion of mutation]
  3544 | D:3      | Gained mutation: You passively dampen the noise of your
                  | surroundings. [potion of mutation]
  3544 | D:3      | HP: 1/50 [poisoned by Crazy Yiuf]
  3545 | D:3      | Succumbed to Crazy Yiuf's poison

Illustrated notes

Levels and vault maps discovered:
D:1:      saegor_arrival_simple_c, layout_rooms,
          hellmonk_ecumenical_altar_lost_god,
          hangedman_abyss_or_decor_lesser_grid
D:2:      layout_basic
D:3:      layout_loops_corners, minmay_increasing_density,
          uniq_crazy_yiuf_cottage

Skill      XL: |  1  2  3  4  5 |
---------------+----------------+-----
Invocations    | 1 2 |  2.0
Short Blades   | 1 |  1.8
Long Blades    | 1 |  1.8
Axes           | 1 |  1.8
Maces & Flails | 1 |  1.8
Staves         | 1 |  1.8
Slings         | 1 |  1.8
Bows           | 1 |  1.8
Crossbows      | 1 |  1.8
Throwing       | 1 |  1.8
Armour         | 1 |  1.8
Stealth        | 1 |  1.8
Shields        | 1 |  1.8
Unarmed Combat | 1 |  1.8
Spellcasting   | 3 |  3.3
Conjurations   | 1 |  1.4
Hexes          | 1 |  1.4
Necromancy     | 1 |  1.4
Translocations | 1 |  1.4
Transmutations | 1 |  1.4
Fire Magic     | 1 |  1.4
Ice Magic      | 1 |  1.4
Air Magic      | 1 |  1.4
Earth Magic    | 1 |  1.4
Poison Magic   | 1 |  1.4
Dodging        | 3 |  3.1
Evocations     | 3 |  3.1
Summonings     | 4 |  4.0
Fighting       | |  4.9
Polearms       | |  6.8

Action                   |  1- 3 |  4- 6 || total
-------------------------+-------+-------++-------
Melee: Spear             |   117 |   106 ||   223
       Bite              |     8 |    12 ||    20
       Punch             |     1 |     1 ||     2
 Cast: Summon Small Mamm |       |     1 ||     1
  Use: Scroll            |     5 |     1 ||     6
       Potion            |     1 |     3 ||     4
 Stab: Sleeping          |     2 |     4 ||     6
Armor: Robe              |    25 |    13 ||    38
       Leather armour    |       |    13 ||    13
Dodge: Dodged            |    38 |    41 ||    79
Block: Other             |    11 |    16 ||    27

Table legend: (Time is in decaauts)
 A = Elapsed time spent in this place.
 B = Non-inter-level travel time spent in this place.
 C = Inter-level travel time spent in this place.
 D = Time resting spent in this place.
 E = Time spent auto-exploring this place.
 F = Levels seen in this place.
 G = Mean time per level.
                   A        B        C        D        E       F      G
               +--------+--------+--------+--------+--------+-----+--------+
         Total |   3496 |   3496 |      0 |    759 |   2155 |   3 | 1165.3 |
       Dungeon |   3496 |   3496 |      0 |    759 |   2155 |   3 | 1165.3 |
               +--------+--------+--------+--------+--------+-----+--------+

Top non-repeatable levels by time:
     D:2: 1629 daAuts
     D:3: 1289 daAuts
     D:1: 578 daAuts
